 Dungeon Crawl Stone Soup version 0.28.0-43-g3370ac3207 (webtiles) character file.

Game seed: 8041951812551776547

85 bnorton916 the Chiller (level 4, -2/30 HPs)
             Began as a Barachi Ice Elementalist on Mar 20, 2022.
             Was an Initiate of Gozag.
             Killed from afar by Sigmund (6 damage)
             ... with a magic dart
             ... on level 3 of the Dungeon.
             The game lasted 00:04:33 (2741 turns).

bnorton916 the Chiller (Barachi Ice Elementalist)   Turns: 2741, Time: 00:04:36

Health: -2/30      AC:  8    Str:  9    XL:     4   Next: 48%
Magic:  9/9        EV: 12    Int: 17    God:    Gozag
Gold:   146        SH:  0    Dex: 13    Spells: 3/10 levels left

rFire   . . .      SeeInvis .   j - +0 dagger
rCold   . . .      Faith    .   (no shield)
rNeg    . . .      Spirit   .   a - +0 robe
rPois   .          Reflect  .   (no helmet)
rElec   .          Harm     .   (no cloak)
rCorr   .          Rampage  .   (no gloves)
Will    .....                   (no boots)
Stlth   ++........              (no amulet)
HPRegen 0.10/turn               (no ring)
MPRegen 0.11/turn               (no ring)

@: brilliant, lethally poisoned (-2 -> -10), ice-armoured, gold aura, freezing
walls, hasted, very quick
A: amphibious, slowness 1, strong legs 1, +LOS
a: Hop, Renounce Religion, Potion Petition, Call Merchant, Bribe Branch


You were on level 3 of the Dungeon.
You worshipped Gozag.
Gozag was aware of your devotion.
You visited 1 branch of the dungeon, and saw 3 of its levels.

You collected 164 gold pieces.
You paid 18 gold pieces to Gozag.

Inventory:

Hand Weapons
 j - a +0 dagger (weapon)
Missiles
 b - 20 stones
 k - 3 poisoned darts
Armour
 a - a +0 robe (worn)
Scrolls
 d - a scroll of immolation {unknown}
 f - a scroll of magic mapping {unknown}
 h - a scroll of identify {unknown}
 i - a scroll of teleportation {unknown}


   Skills:
 - Level 2.1 Dodging
 - Level 1.7 Stealth
 + Level 3.6 Spellcasting
 + Level 6.0 Ice Magic


You had 3 spell levels left.
You knew the following spells:

 Your Spells              Type           Power      Damage    Failure   Level
a - Freeze                Ice            100%       1d11      1%          1
b - Frozen Ramparts       Ice            70%        1d9       4%          3
c - Ozocubu's Armour      Ice            35%        N/A       4%          3

Your spell library contained the following spells:

 Spells                   Type           Power      Damage    Failure   Level
 Animate Skeleton         Necr           8%         N/A       17%         1
 Apportation              Tloc           8%         N/A       17%         1
 Summon Small Mammal      Summ           16%        N/A       17%         1
 Hailstorm                Conj/Ice       20%        3d6       43%         4
 Metabolic Englaciation   Hex/Ice        10%        N/A       78%         5
 Simulacrum               Ice/Necr       10%        N/A       100%        6


Dungeon Overview and Level Annotations

Branches:
Dungeon (3/15)

Altars:
Gozag

Annotations:
D:3 Sigmund


Innate Abilities, Weirdness & Mutations

You are amphibious.
You cover ground slowly.
You can hop short distances.
You have an extended range of vision and can be seen from far away.


Message History

You feel sick.
The wall freezes the bat.
The wall freezes Sigmund.
Sigmund barely misses you.
The wall freezes the bat but does no damage.
Unknown command.
You aren't carrying any items that you can evoke.
Unknown command.
Unknown command.
It was a potion of brilliance.
You feel clever all of a sudden.
You feel sick.
The wall freezes the bat.
The wall freezes Sigmund.
Sigmund hits you from afar with a +2 scythe of venom!
* * * LOW HITPOINT WARNING * * *
Okay, then.
Unknown command.
Okay, then.
Unknown command.
It was a potion of magic.
Magic courses through your body.
* * * LOW HITPOINT WARNING * * *
You feel sick.
The wall freezes the bat.
You kill the bat!
It was a potion of heal wounds.
You feel much better.
You feel sick.
The wall freezes Sigmund.
Sigmund barely misses you.
Okay, then.
Unknown command.
Unknown command.
You feel sick.
The wall freezes Sigmund.
Sigmund hits you from afar with a +2 scythe of venom!
You are lethally poisoned!
Unknown command.
* * * LOW HITPOINT WARNING * * *
You feel very sick.
Unknown command.
It was a potion of haste.
You feel yourself speed up.
* * * LOW HITPOINT WARNING * * *
You feel very sick.
The wall freezes Sigmund.
Sigmund points at you and mumbles some strange words.
The magic dart hits you.
You die...
Your body crumbles into a pile of gold.

#.#.#
##...#######
#...........
#.#..########
#.#.>.......#
#.#####.#...#
#.........#.#
#####...#.....#
#@..#.#....#
.....$@......#
##.#
.[....####.###
. ...#. ..# . #
..# ...# #.##
#. ..


You could see Sigmund.

Vanquished Creatures
  3 adders
  A worm (D:2)
  6 endoplasms
  9 goblins
  2 hobgoblins (D:2)
  7 jackals
  A quokka (D:3)
  6 ball pythons
  3 bats
  3 frilled lizards
  5 kobolds
  4 rats
50 creatures vanquished.

Notes
Turn   | Place    | Note
-------+----------+-------------------------------------------
     0 | D:1      | bnorton916 the Barachi Ice Elementalist began the quest for
                  | the Orb.
     0 | D:1      | Reached XP level 1. HP: 13/13 MP: 3/3
    59 | D:1      | Reached skill level 5 in Ice Magic
   293 | D:1      | Reached XP level 2. HP: 17/19 MP: 1/5
   808 | D:1      | Reached XP level 3. HP: 24/24 MP: 5/7
   820 | D:1      | Found a faded altar of an unknown god.
  1158 | D:2      | Learned a level 3 spell: Frozen Ramparts
  1162 | D:2      | Learned a level 3 spell: Ozocubu's Armour
  1875 | D:2      | Reached XP level 4. HP: 21/30 MP: 5/9
  2259 | D:2      | Found an opulent altar of Gozag.
  2269 | D:2      | Became a worshipper of Gozag Ym Sagoz the Greedy
  2678 | D:3      | Reached skill level 6 in Ice Magic
  2730 | D:3      | Noticed Sigmund
  2741 | D:3      | Killed from afar by Sigmund

Illustrated notes

Levels and vault maps discovered:
D:1:      lightli_arrival_quake, layout_basic,
          hellmonk_ecumenical_altar_prayer_group
D:2:      layout_basic, basic_altar
D:3:      layout_basic, uniq_natasha, uniq_robin, uniq_sigmund

Skill      XL: |  1  2  3  4 |
---------------+-------------+-----
Ice Magic      | 5 6 |  6.0
Spellcasting   | 3 |  3.6
Dodging        | |  2.1
Stealth        | |  1.7

Action                   |  1- 3 |  4- 6 || total
-------------------------+-------+-------++-------
Melee: Unarmed           |     1 |       ||     1
       Dagger            |     6 |     2 ||     8
 Cast: Freeze            |    45 |    13 ||    58
       Frozen Ramparts   |     5 |     4 ||     9
       Ozocubu's Armour  |       |     1 ||     1
 Abil: Hop               |     1 |       ||     1
  Use: Potion            |       |     4 ||     4
Armor: Robe              |    10 |     2 ||    12
Dodge: Dodged            |    48 |     7 ||    55
